 Dungeon Crawl Stone Soup version 0.14.0-24-gfb45beb (webtiles) character file.

1517 Qrupt the Poker (level 8, 0/64 HPs)
             Began as a Merfolk Death Knight on Apr 21, 2014.
             Was an Elder of Yredelemnul.
             Hit by a dart thrown by an orc warrior (9 damage)
             ... on Level 5 of the Dungeon.
             The game lasted 00:24:22 (6963 turns).

Qrupt the Poker (Merfolk Death Knight)              Turns: 6963, Time: 00:24:22

HP   0/64        AC  4     Str 14      XL: 8   Next: 47%
MP  22/22        EV 14     Int 11      God: Yredelemnul [****..]
Gold 293         SH  0     Dex 14      Spells:  0 memorised,  7 levels left

rFire  . . .     SeeInvis .     h - +4,+6 spear (vamp)
rCold  . . .     Clarity  .     b - +0 leather armour
rNeg   . . .     Conserve .     (no shield)
rPois  .         rCorr    .     (no helmet)
rElec  .         rRot     .     l - +0 cloak
SustAb . .       Spirit   .     (no gloves)
rMut   .         Warding  .     (no boots)
Saprov . . .     Stasis   .     (no amulet)
MR     .....                    (no ring)
                                d - ring of magical power

@: not resistant to hostile enchantments, unstealthy
A: change form in water, swift swim
a: Animate Dead, Recall Undead Slaves, Injury Mirror, Drain Life, Renounce
Religion


You were on level 5 of the Dungeon.
You worshipped Yredelemnul.
Yredelemnul was greatly pleased with you.
You were near starving.

You visited 1 branch of the dungeon, and saw 5 of its levels.

You collected 293 gold pieces.

Inventory:

Hand weapons
 a - a +1,+1 spear
 e - a +0,+0 halberd
 h - a +4,+6 vampiric spear (weapon)
Armour
 b - a +0 leather armour (worn)
 l - a +0 cloak (worn)
 p - a +0 cloak
Magical devices
 k - a wand of magic darts (14)
Comestibles
 c - 5 bread rations
 n - 2 meat rations
Scrolls
 f - a scroll of remove curse
 g - 4 scrolls of identify
 i - 2 scrolls of noise {unknown}
 m - 3 scrolls of recharging
 r - 3 scrolls of enchant weapon II {unknown}
 v - a scroll of enchant weapon I {unknown}
Jewellery
 d - a ring of magical power (left hand)
 o - an uncursed ring of fire
Potions
 q - a potion of agility {unknown}
 s - a potion of poison {unknown}
 t - a potion of confusion {unknown}


   Skills:
 + Level 5.8 Fighting
 + Level 7.7 Polearms
 + Level 3.2 Armour
 + Level 6.2 Dodging
 - Level 4.0 Invocations


You had 7 spell levels left.
You didn't know any spells.

Dungeon Overview and Level Annotations

Branches:
Dungeon (5/15)
 Temple: D:4-7

Altars:
Ashenzari
Dithmenos
Makhleb
Okawaru

Annotations:
D:3 exclusion: ice beast


Message History

The orc warrior is severely wounded.
The orc warrior hits you with a glowing flail!
* * * LOW HITPOINT WARNING * * *
There is a stone staircase leading down here.
You see here 15 darts.
The orc warrior picks up 15 darts.
The orc warrior throws a dart.
The dart hits you!
* * * LOW HITPOINT WARNING * * *
You see here a dart.
The orc warrior throws a dart.
The dart hits you!
* * * LOW HITPOINT WARNING * * *
You see here a dart.
The orc warrior throws a dart.
The dart hits you!
* * * LOW HITPOINT WARNING * * *
You see here a dart.
The orc warrior throws a dart.
The dart hits you!
You see here a dart.
The orc warrior throws a dart.
The dart hits you!
You die...
Your body rises from the dead as a mindless zombie.

# #..# # #..# #
##### #..# ####
#####...# #..# ...#
.......# ##..#
..#...# #.(...#
#...# ..# ##
#.....# #...# ..#
##.#####.######...#
....
.........@(....(..#
..#..
##.#####(######o..#
#### #)# #(..# #(#
#...# ##
#####.######o..#
.########
#.......>......#
#.)##...#
#####.########.#
###.....# #.# #.#
###..)# #.# #.#


You could see an orc warrior.

Vanquished Creatures
  An ogre (D:4)
  An ice beast (D:5)
  A sky beast (D:5)
  Sigmund (D:5)
  Duvessa (D:4)
  2 scorpions
  Dowan (D:4)
  Crazy Yiuf (D:5)
  A gnoll shaman (D:4)
  An orc priest (D:4)
  An orc wizard (D:5)
  2 worker ants
  25 gnolls
  5 adders
  A shadow imp (D:5)
  2 giant mites (D:4)
  An inept feature mimic (D:4)
  A worm (D:5)
  3 giant geckos
  An ooze (D:4)
  6 orcs
  13 bats
  A bat zombie (D:5)
  8 giant cockroaches
  6 goblins
  6 hobgoblins
  26 jackals
  2 ball pythons (D:4)
  2 giant newts
  A goblin zombie (D:5)
  6 kobolds
  3 quokkas
  A quokka skeleton (D:4)
  6 rats
  A rat skeleton (D:4)
141 creatures vanquished.

Vanquished Creatures (collateral kills)
  A gnoll sergeant (D:4)
  A hound (D:5)
  2 worker ants
  8 gnolls
  An orc (D:4)
  A jackal (D:4)
  A ball python (D:2)
  2 giant cockroaches
  A giant newt (D:3)
  A rat (D:4)
19 creatures vanquished.

Vanquished Creatures (others)
  2 worker ant zombies
  2 bat zombies
  5 gnoll zombies
  A goblin zombie (D:4)
  A jackal skeleton (D:4)
  4 jackal zombies
  2 orc skeletons (D:4)
  A quokka skeleton (D:4)
18 creatures vanquished.

Grand Total: 178 creatures vanquished

Notes
Turn   | Place    | Note
--------------------------------------------------------------
     0 | D:1      | Qrupt, the Merfolk Death Knight, began the quest for the Orb.
     0 | D:1      | Reached XP level 1. HP: 16/16 MP: 2/2
   356 | D:1      | Reached XP level 2. HP: 22/22 MP: 4/4
   839 | D:2      | Reached XP level 3. HP: 13/28 MP: 5/5
  1287 | D:2      | Acquired Yredelemnul's second power
  1637 | D:2      | Reached skill level 1 in Armour
  1637 | D:2      | Reached XP level 4. HP: 27/34 MP: 7/7
  1753 | D:2      | Reached skill level 4 in Polearms
  2179 | D:3      | Found a shattered altar of Ashenzari.
  2183 | D:3      | Found a burning altar of Makhleb.
  2183 | D:3      | Found an iron altar of Okawaru.
  2345 | D:3      | Noticed an ice beast
  2676 | D:3      | Found a shadowy altar of Dithmenos.
  3050 | D:4      | Noticed a gnoll sergeant
  3249 | D:4      | Reached XP level 5. HP: 18/41 MP: 9/9
  3791 | D:5      | Entered Level 5 of the Dungeon
  4269 | D:4      | Noticed Duvessa
  4269 | D:4      | Noticed Dowan
  4303 | D:4      | Killed Duvessa
  4303 | D:4      | Reached skill level 5 in Polearms
  4303 | D:4      | Reached XP level 6. HP: 13/48 MP: 10/10
  4901 | D:4      | Acquired Yredelemnul's third power
  5006 | D:4      | Reached XP level 7. HP: 43/55 MP: 12/12
  5292 | D:4      | Killed Dowan
  5330 | D:4      | Reached skill level 6 in Polearms
  5520 | D:4      | Killed a gnoll sergeant
  5696 | D:4      | Noticed an ogre
  5847 | D:4      | Killed an ogre
  5847 | D:4      | Reached skill level 5 in Fighting
  5847 | D:4      | Reached skill level 5 in Dodging
  5878 | D:4      | Acquired Yredelemnul's fourth power
  6043 | D:4      | Received a gift from Yredelemnul
  6087 | D:5      | Noticed Crazy Yiuf
  6095 | D:5      | Killed Crazy Yiuf
  6140 | D:5      | Noticed Sigmund
  6174 | D:5      | Killed Sigmund
  6174 | D:5      | Reached skill level 7 in Polearms
  6174 | D:5      | Reached XP level 8. HP: 36/62 MP: 13/13
  6363 | D:5      | Noticed an orc warrior
  6609 | D:5      | Noticed a sky beast
  6633 | D:5      | Killed a sky beast
  6882 | D:5      | Noticed an ice beast
  6905 | D:5      | Killed an ice beast
  6963 | D:5      | Hit by a dart thrown by an orc warrior

Action                   |  1- 3 |  4- 6 |  7- 9 || total
-------------------------+-------+-------+-------++-------
Melee: Spear             |   137 |   246 |   187 ||   570
       Halberd           |       |    28 |    52 ||    80
Throw: Throwing net      |       |       |     4 ||     4
Invok: Animate Remains   |     2 |    12 |       ||    14
       Animate Dead      |       |     2 |     4 ||     6
Evoke: Wand              |       |    19 |       ||    19
  Use: Scroll            |       |     5 |       ||     5
       Potion            |       |     7 |       ||     7
 Stab: Sleeping          |     2 |     1 |     1 ||     4
       Distracted        |       |     3 |     2 ||     5
       Held in net/web   |       |       |     3 ||     3
